[Event "ICC tourney 1924 (15 5)"]
[Site "Internet Chess Club"]
[Date "2020.07.17"]
[Round "4"]
[White "Tanvi02"]
[Black "AD2812"]
[Result "0-1"]
[ICCResult "White checkmated"]
[WhiteElo "1611"]
[BlackElo "1627"]
[Opening "Four knights: double Ruy Lopez"]
[ECO "C49"]
[NIC "KP.03"]
[Time "15:16:50"]
[TimeControl "900+5"]

1. e4 e5 2. Nf3 Nc6 3. Bb5 Nf6 4. Nc3 Bb4 5. d3 d6 6. Bd2 Bg4 7. h3 Bxf3 8.
Qxf3 O-O 9. Qg3 Nd4 10. O-O-O Bxc3 11. bxc3 Nxb5 12. Bh6 g6 13. Bxf8 Qxf8
14. c4 Qh6+ 15. Qe3 Qxe3+ 16. fxe3 Nc3 17. Rdf1 Kg7 18. Kb2 Ne2 19. Rf2 Ng3
20. Rg1 Rb8 21. Rf3 Nfh5 22. Kc1 Ne2+ 23. Kd2 Nxg1 24. Rf1 Nxh3 25. gxh3 Nf6
26. d4 Nxe4+ 27. Kd3 Ng3 28. Rf3 Nh5 29. dxe5 dxe5 30. Ke4 Re8 31. Rf2 f5+
32. Kd5 Nf6+ 33. Kc5 Ne4+ 34. Kb4 Nxf2 35. a4 Nxh3 36. a5 g5 37. Kc5 g4 38.
a6 bxa6 39. Kc6 g3 40. Kxc7 g2 41. Kd7 Rf8 42. c5 g1=Q 43. c6 Qd1+ 44. Kc7
Qd8+ 45. Kb7 Qb8+ 46. Kxa6 Qb7+ 47. cxb7 Rb8 48. Kxa7 Rxb7+ 49. Kxb7 Ng5 50.
c4 Ne6 51. Kc6 Kf6 52. Kd5 h5 53. e4 h4 54. exf5 Kxf5 55. c5 Nxc5 56. Kxc5
h3 57. Kd5 h2 58. Kc4 h1=Q 59. Kd3 e4+ 60. Ke3 Qg1+ 61. Ke2 e3 62. Kf3 Qf2#
{White checkmated}
0-1

[Event "ICC tourney 1924 (15 5)"]
[Site "Internet Chess Club"]
[Date "2020.07.17"]
[Round "4"]
[White "ehkuo"]
[Black "shripat2020"]
[Result "0-1"]
[ICCResult "White checkmated"]
[WhiteElo "838"]
[BlackElo "1394"]
[Opening "Giuoco Pianissimo: Canal variation"]
[ECO "C50"]
[NIC "IG.02"]
[Time "15:16:59"]
[TimeControl "900+5"]

1. e4 e5 2. Nf3 Nc6 3. Bc4 Bc5 4. Nc3 d6 5. d3 Nf6 6. Bg5 O-O 7. a3 Be6 8.
Bxe6 fxe6 9. O-O h6 10. Bh4 Qe8 11. Bxf6 Rxf6 12. b4 Bd4 13. Nxd4 Nxd4 14.
a4 Qg6 15. Re1 Nf3+ 16. Kf1 Nxh2+ 17. Ke2 Qg4+ 18. Kd2 Rxf2+ 19. Re2 Qf4+
20. Ke1 Rf1# {White checkmated} 0-1

[Event "ICC tourney 1924 (15 5)"]
[Site "Internet Chess Club"]
[Date "2020.07.17"]
[Round "4"]
[White "MatthewBuniskis"]
[Black "Egkninja"]
[Result "0-1"]
[ICCResult "White checkmated"]
[WhiteElo "1347"]
[BlackElo "1546"]
[Opening "Giuoco Pianissimo"]
[ECO "C50"]
[NIC "IG.02"]
[Time "15:16:47"]
[TimeControl "900+5"]

1. e4 e5 2. Nf3 Nc6 3. Bc4 Bc5 4. d3 Nf6 5. Ng5 O-O 6. O-O h6 7. Nf3 d6 8.
Nc3 Bg4 9. h3 Bh5 10. Nd5 Nd4 11. Nxd4 Bxd1 12. Rxd1 exd4 13. Nxf6+ Qxf6 14.
a3 a6 15. b4 Bb6 16. Rf1 Ba7 17. a4 c5 18. Ba3 cxb4 19. Bxb4 Bc5 20. e5 Qxe5
21. Rae1 Qf6 22. Bxc5 dxc5 23. Rb1 Rab8 24. Bd5 Qe7 25. Rfe1 Qd7 26. Bf3
Qxa4 27. Rxb7 Rxb7 28. Bxb7 Qxc2 29. Bxa6 Ra8 30. Bb7 Ra7 31. Be4 Re7 32.
Kh2 f5 33. Bd5+ Kf8 34. Re6 Rxe6 35. Bxe6 Qxd3 36. g4 fxg4 37. hxg4 c4 38.
Bf5 Qxf5 39. gxf5 c3 40. Kg3 c2 41. f3 c1=Q 42. Kg4 d3 43. f4 d2 44. Kh5
d1=Q+ 45. Kg6 Qc6+ 46. f6 Qxf6+ 47. Kh7 Qd3+ 48. f5 Qdxf5+ 49. Kh8 g5#
{White checkmated}
0-1

[Event "ICC tourney 1924 (15 5)"]
[Site "Internet Chess Club"]
[Date "2020.07.17"]
[Round "4"]
[White "rhadean"]
[Black "mxkuo"]
[Result "1-0"]
[ICCResult "Black resigns"]
[WhiteElo "1227"]
[BlackElo "769"]
[Opening "Giuoco Piano: Greco's attack"]
[ECO "C54"]
[NIC "IG.02"]
[Time "15:16:50"]
[TimeControl "900+5"]

1. e4 e5 2. Nf3 Nc6 3. Bc4 Bc5 4. c3 Nf6 5. d4 exd4 6. cxd4 Bb4+ 7. Nc3
Bxc3+ 8. bxc3 d5 9. exd5 Nxd5 10. Bg5 Nf6 11. O-O h6 12. Re1+ Ne7 13. Bxf6
gxf6 14. Nh4 Rg8 15. Qf3 Bg4 16. Qf4 Kd7 17. Bxf7 Rg7 18. h3 Nd5 19. Be8+
Kc8 20. Qg3 a6 21. hxg4 Ne7 22. Qh3 Qxe8 23. g5+ Kb8 24. gxf6 {Black
resigns} 1-0

[Event "ICC tourney 1924 (15 5)"]
[Site "Internet Chess Club"]
[Date "2020.07.17"]
[Round "4"]
[White "nihas204"]
[Black "imstanley"]
[Result "0-1"]
[ICCResult "White checkmated"]
[WhiteElo "1265"]
[BlackElo "1340"]
[Opening "Sicilian"]
[ECO "B56"]
[NIC "SI.25"]
[Time "15:16:59"]
[TimeControl "900+5"]

1. e4 c5 2. Nf3 d6 3. d4 cxd4 4. Nxd4 Nf6 5. Nc3 Nc6 6. Nf3 e6 7. Bg5 Be7 8.
Bc4 Bd7 9. O-O O-O 10. Re1 a6 11. e5 dxe5 12. Nxe5 Nxe5 13. Rxe5 Rc8 14. Bd3
Bc6 15. Bxf6 Bxf6 16. Qh5 g6 17. Qe2 Bxe5 18. Qxe5 Qe7 19. Qg3 Rcd8 20. Qh3
b6 21. Re1 b5 22. a4 b4 23. Ne4 Bxe4 24. Bxe4 Qd7 25. Bd3 Rfe8 26. Qh4 e5
27. Re3 f5 28. Rh3 e4 29. Qxh7+ Qxh7 30. Rxh7 Kxh7 31. Bxa6 Rd1+ 32. Bf1 Rc1
33. b3 Rd8 34. h3 Rc8 35. a5 R8xc2 36. a6 Ra2 37. h4 Raa1 38. h5 Rxf1+ 39.
Kh2 Rh1+ 40. Kg3 Rxh5 41. a7 Rxa7 42. f3 Ra3 43. fxe4 Rxb3+ 44. Kf2 fxe4 45.
g4 Rh2+ 46. Kg1 Ra2 47. Kf1 Rb1# {White checkmated} 0-1

[Event "ICC tourney 1924 (15 5)"]
[Site "Internet Chess Club"]
[Date "2020.07.17"]
[Round "4"]
[White "arjunbupeshnath"]
[Black "eternaldhatu"]
[Result "1-0"]
[ICCResult "Black resigns"]
[WhiteElo "1610"]
[BlackElo "1522"]
[Opening "Sicilian"]
[ECO "B54"]
[NIC "SI.01"]
[Time "15:16:47"]
[TimeControl "900+5"]

1. e4 c5 2. Nf3 d6 3. d4 cxd4 4. Nxd4 g6 5. Nc3 Bg7 6. Nf3 Nf6 7. Bc4 O-O 8.
h3 Nc6 9. O-O Be6 10. Bb3 Bxb3 11. axb3 Qd7 12. Bg5 Rfe8 13. Qd2 Rac8 14.
Bxf6 Bxf6 15. Ra4 b6 16. Re1 e6 17. e5 Bg7 18. exd6 Red8 19. Ne4 f5 20. Nc3
Qxd6 21. Qe3 Re8 22. Nb5 Qb8 23. Rd1 Rcd8 24. Rxd8 Rxd8 25. Nc3 b5 26. Ra1
Nb4 27. Ng5 Nxc2 28. Qxe6+ Kh8 29. Nf7+ Kg8 30. Nxd8+ Kf8 31. Ra6 Qxd8 32.
Rc6 Qe8 33. Rc8 Qxc8 34. Qxc8+ Kf7 35. Qa6 Bxc3 36. bxc3 Ne1 37. Qxa7+ Kf6
38. c4 b4 39. c5 Nd3 40. c6 Ne5 41. c7 Kg5 42. c8=Q Kh6 43. Qf8+ Kg5 44.
Qae7+ Kf4 45. g3+ Ke4 46. Qa8+ Kd4 47. Qd6+ Kc3 48. Qc8+ Kxb3 49. Qxe5 Ka4
50. Qb2 {Black resigns} 1-0

[Event "ICC tourney 1924 (15 5)"]
[Site "Internet Chess Club"]
[Date "2020.07.17"]
[Round "4"]
[White "unigirl314"]
[Black "rishikanti"]
[Result "0-1"]
[ICCResult "White checkmated"]
[WhiteElo "1346"]
[BlackElo "1482"]
[Opening "Caro-Kann: classical variation"]
[ECO "B18"]
[NIC "CK.10"]
[Time "15:16:56"]
[TimeControl "900+5"]

1. e4 c6 2. d4 d5 3. Nc3 dxe4 4. Nxe4 Bf5 5. Bd3 e6 6. Nf3 Bg6 7. O-O h5 8.
Bf4 h4 9. h3 Bh5 10. c3 Nf6 11. Bg5 Be7 12. Nxf6+ Bxf6 13. Be2 Bxg5 14. Nxg5
Qxg5 15. Bxh5 Qxh5 16. Qb3 Qb5 17. Qc2 Qf5 18. Qb3 Qb5 19. Qc2 Nd7 20. c4
Qb6 21. c5 Qa6 22. b4 b5 23. a3 Ke7 24. Rfe1 Rh5 25. Kh2 Nf6 26. Ra2 Rd8 27.
Rd1 Rhd5 28. Qb2 Qa4 29. Rd2 Ng8 30. f4 Nh6 31. Qc3 Nf5 32. Kh1 Rxd4 33.
Rxd4 Rxd4 34. Qf3 Qd1+ 35. Qxd1 Rxd1+ 36. Kh2 Rf1 37. Rd2 Rxf4 38. Re2 Ng3
39. Re1 Rf1 40. Rxf1 Nxf1+ 41. Kg1 Ne3 42. Kf2 Nc2 43. Kf3 Nxa3 44. Kg4 Nc2
45. Kxh4 Nxb4 46. Kg3 a5 47. Kf3 a4 48. Ke2 a3 49. Kd2 a2 50. Ke2 a1=Q 51.
Kf2 Qd1 52. Kg3 Qd3+ 53. Kh2 e5 54. Kg1 e4 55. Kf2 e3+ 56. Kg3 e2+ 57. Kh2
Qd1 58. Kg3 e1=Q+ 59. Kf4 Qd4+ 60. Kg5 Qeh4+ 61. Kf5 Qde4# {White
checkmated} 0-1

[Event "ICC tourney 1924 (15 5)"]
[Site "Internet Chess Club"]
[Date "2020.07.17"]
[Round "4"]
[White "KingYap"]
[Black "siddham"]
[Result "0-1"]
[ICCResult "White checkmated"]
[WhiteElo "1294"]
[BlackElo "1308"]
[Opening "Philidor's defense"]
[ECO "C41"]
[NIC "KP.10"]
[Time "15:16:53"]
[TimeControl "900+5"]

1. e4 e5 2. Nf3 d6 3. Bc4 h6 4. O-O Nf6 5. Nc3 Be7 6. Re1 O-O 7. d3 Nc6 8.
h3 Na5 9. Bb3 Bd7 10. Be3 Nc6 11. Nd5 Be6 12. Nc3 Bd7 13. d4 a6 14. d5 Nb8
15. Bc4 c6 16. a3 c5 17. b4 b5 18. Ba2 c4 19. a4 bxa4 20. Bxc4 Bb5 21. Nxb5
axb5 22. Bxb5 Nxe4 23. Bxa4 Nc3 24. Qc1 Nxa4 25. c3 Nd7 26. Qc2 Nab6 27.
Rxa8 Qxa8 28. Qb2 Nc4 29. Qe2 Nxe3 30. Qxe3 Qxd5 31. Qe2 Qb3 32. Rc1 Rc8 33.
Qe3 Nf6 34. Nd2 Qa3 35. Nb1 Qb2 36. c4 Qxb4 37. Nd2 d5 38. Nf3 Rxc4 39. Nxe5
Rxc1+ 40. Qxc1 Qd6 41. Qe3 d4 42. Qe2 Nd7 43. Nd3 Nc5 44. Nxc5 Qxc5 45. Qd3
Bf6 46. f3 Qc3 47. Qd1 d3 48. Kf2 Qc2+ 49. Ke1 Qxg2 50. Qxd3 Bh4+ 51. Kd1
Qxh3 52. Kc1 Bg5+ 53. Kc2 Qh5 54. Kc3 Bf6+ 55. Kd2 Qg5+ 56. Ke2 Qe5+ 57. Kf2
Bh4+ 58. Kf1 Qe1+ 59. Kg2 Qg3+ 60. Kf1 Qf2# {White checkmated} 0-1

[Event "ICC tourney 1924 (15 5)"]
[Site "Internet Chess Club"]
[Date "2020.07.17"]
[Round "4"]
[White "eevee11"]
[Black "Siritnt"]
[Result "1/2-1/2"]
[ICCResult "Game drawn because neither player has mating material"]
[WhiteElo "1430"]
[BlackElo "1386"]
[Opening "Sicilian: dragon variation"]
[ECO "B70"]
[NIC "SI.15"]
[Time "15:16:50"]
[TimeControl "900+5"]

1. e4 c5 2. Nf3 d6 3. d4 cxd4 4. Nxd4 Nf6 5. Nc3 g6 6. Bc4 Bg7 7. Be3 O-O 8.
f3 a6 9. Qd2 b5 10. Bb3 Bb7 11. O-O-O Nc6 12. g4 Nxd4 13. Qxd4 Nxg4 14. Qd2
Nxe3 15. Qxe3 Rc8 16. h4 Bxc3 17. bxc3 Qa5 18. h5 Qxc3 19. Qf4 Qa1+ 20. Kd2
Qd4+ 21. Ke1 Qc3+ 22. Rd2 Qa1+ 23. Rd1 Qc3+ 24. Rd2 Qf6 25. Qh2 Rfd8 26.
hxg6 hxg6 27. Qh7+ Kf8 28. Rdh2 a5 29. Qh8+ Qxh8 30. Rxh8+ Kg7 31. R1h7+ Kf6
32. Rxf7+ Kg5 33. Rhh7 a4 34. Be6 Rxc2 35. Rxe7 Bc8 36. Bd5 Ba6 37. Rd7 Rxd7
38. Rxd7 Bc8 39. Rxd6 Kf4 40. Rc6 Rxc6 41. Bxc6 Kxf3 42. Bxb5 Kxe4 43. Bxa4
g5 44. Bb5 g4 45. Kf1 Kf3 46. Kg1 Ke4 47. a4 Kd5 48. a5 Kc5 49. a6 Kb6 50.
Kg2 Ka7 51. Kg3 Kb6 52. Be2 Bf5 53. Bxg4 Bxg4 54. Kxg4 Ka7 55. Kf4 Kb6 56.
Ke4 Ka7 57. Kd5 Kb6 58. Kc4 Kxa6
{Game drawn because neither player has mating material}
1/2-1/2

[Event "ICC tourney 1924 (15 5)"]
[Site "Internet Chess Club"]
[Date "2020.07.17"]
[Round "4"]
[White "knightseu"]
[Black "amqueen"]
[Result "0-1"]
[ICCResult "White checkmated"]
[WhiteElo "1216"]
[BlackElo "1280"]
[Opening "Sicilian: closed"]
[ECO "B24"]
[NIC "SI.44"]
[Time "15:18:41"]
[TimeControl "900+5"]

1. e4 c5 2. Nc3 Nc6 3. g3 Nf6 4. Bg2 g6 5. d3 Bg7 6. f4 d6 7. Nf3 O-O 8. O-O
Bd7 9. e5 Nh5 10. Re1 Qc8 11. Qe2 Bh3 12. Nd5 Qd7 13. Ng5 Bxg2 14. Qxg2 h6
15. e6 Qe8 16. exf7+ Rxf7 17. Nxf7 Qxf7 18. Nc7 Rc8 19. Ne6 Nb4 20. Qxb7 Re8
21. Qg2 Rc8 22. a3 Nc6 23. b4 cxb4 24. axb4 Bxa1 25. Bd2 Bh8 26. b5 Nd4 27.
Nxd4 Bxd4+ 28. Kh1 Rb8 29. c4 Qe8 30. Re4 Bb6 31. Qf3 Nf6 32. Re1 Qd7 33.
Qg2 Qb7 34. h4 Qxg2+ 35. Kxg2 Rb7 36. Kh3 Kg7 37. g4 Bd4 38. g5 Nh5 39. Re4
e5 40. fxe5 dxe5 41. gxh6+ Kh7 42. Rg4 Re7 43. Bg5 Nf4+ 44. Bxf4 exf4 45.
Rxf4 Re3+ 46. Kg4 Rxd3 47. Kg5 Be3 48. Kg4 Bxf4 49. Kxf4 Rc3 50. Kg5 Rxc4
51. h5 gxh5 52. Kxh5 Rb4 53. Kg5 Rxb5+ 54. Kg4 a6 55. Kg3 a5 56. Kf4 a4 57.
Kg4 a3 58. Kh4 a2 59. Kg4 a1=Q 60. Kf4 Qc3 61. Kg4 Re5 62. Kh4 Re4+ 63. Kh5
Qe5# {White checkmated} 0-1

[Event "ICC tourney 1924 (15 5)"]
[Site "Internet Chess Club"]
[Date "2020.07.17"]
[Round "4"]
[White "Sophych"]
[Black "dmenon25"]
[Result "1-0"]
[ICCResult "Black forfeits on time"]
[WhiteElo "1260"]
[BlackElo "1189"]
[Opening "Giuoco Pianissimo"]
[ECO "C55"]
[NIC "IG.01"]
[Time "15:17:01"]
[TimeControl "900+5"]

1. e4 e5 2. Nf3 Nc6 3. Bc4 Nf6 4. d3 Bc5 5. O-O d6 6. c3 Bg4 7. b4 Bb6 8. h3
Bh5 9. Nbd2 O-O 10. Bb2 Qd7 11. a4 a6 12. a5 Ba7 13. Bb3 h6 14. Qe2 Rfe8 15.
Nc4 d5 16. Ncd2 d4 17. c4 Nxb4 18. Rfe1 Nc6 19. Qd1 b5 20. Qc2 Bxf3 21. Nxf3
Bc5 22. cxb5 Bd6 23. bxc6 Qc8 24. Ba3 Bxa3 25. Rxa3 Rb8 26. Qc4 Qe6 27. Qc2
Qe7 28. Rea1 Rb4 29. Nh4 g5 30. Nf5 Qf8 31. h4 g4 32. Qd2 Kh7 33. f4 Rbb8
34. fxe5 Rxe5 35. Qf4 Reb5 36. Rb1 Nh5 37. Qxc7 Kg6 38. Ne7+
{Black forfeits on time}
1-0

[Event "ICC tourney 1924 (15 5)"]
[Site "Internet Chess Club"]
[Date "2020.07.17"]
[Round "5"]
[White "rishikanti"]
[Black "IsaacCumes"]
[Result "1-0"]
[ICCResult "Black checkmated"]
[WhiteElo "1518"]
[BlackElo "1435"]
[Opening "Queen's pawn, Mason variation"]
[ECO "D00"]
[NIC "QP.08"]
[Time "16:13:31"]
[TimeControl "900+5"]

1. d4 d5 2. Bf4 Bf5 3. e3 e6 4. c4 c5 5. Nc3 Nc6 6. Nb5 a6 7. Nc7+ Ke7 8.
Nxa8 Qxa8 9. dxc5 Nb4 10. Bd6+ Ke8 11. Qa4+ Nc6 12. cxd5 e5 13. Bb5 Bxd6 14.
cxd6 Bc2 15. Qxc2 axb5 16. dxc6 bxc6 17. Qe4 Qa5+ 18. b4 Qa3 19. Qxe5+ Kf8
20. Qc5 Qd3 21. d7+ Ne7 22. Rd1 Qc4 23. d8=Q# {Black checkmated} 1-0

[Event "ICC tourney 1924 (15 5)"]
[Site "Internet Chess Club"]
[Date "2020.07.17"]
[Round "5"]
[White "eternaldhatu"]
[Black "Tanvi02"]
[Result "0-1"]
[ICCResult "White checkmated"]
[WhiteElo "1489"]
[BlackElo "1626"]
[Opening "Giuoco Piano"]
[ECO "C50"]
[NIC "IG.02"]
[Time "16:13:39"]
[TimeControl "900+5"]

1. e4 e5 2. Nf3 Nc6 3. Bc4 Bc5 4. Nxe5 Nxe5 5. d4 Nxc4 6. dxc5 Nf6 7. Nc3
O-O 8. O-O d5 9. cxd6 cxd6 10. Re1 Re8 11. Bf4 d5 12. e5 Nd7 13. Nxd5 Ndxe5
14. Rxe5 Nxe5 15. Bxe5 Rxe5 16. Nf4 Qxd1+ 17. Rxd1 Bd7 18. Rxd7 Re1#
{White checkmated}
0-1

[Event "ICC tourney 1924 (15 5)"]
[Site "Internet Chess Club"]
[Date "2020.07.17"]
[Round "5"]
[White "dhavansai"]
[Black "KingYap"]
[Result "0-1"]
[ICCResult "White checkmated"]
[WhiteElo "1172"]
[BlackElo "1323"]
[Opening "Giuoco Piano: four knights variation"]
[ECO "C47"]
[NIC "KP.06"]
[Time "16:13:33"]
[TimeControl "900+5"]

1. e4 e5 2. Nf3 Nc6 3. Nc3 Nf6 4. Bc4 Bc5 5. Ng5 O-O 6. Bxf7+ Rxf7 7. Nxf7
Kxf7 8. O-O d6 9. d3 Bg4 10. Qe1 Nd4 11. Qd2 Bb4 12. a3 Bc5 13. b4 Bb6 14.
a4 a5 15. bxa5 Bxa5 16. Bb2 d5 17. exd5 Nxd5 18. h3 Be2 19. Rfe1 Bh5 20. Qd1
Nxc3 21. Qd2 Nce2+ 22. Kf1 Bxd2 23. Red1 Bf4 24. Bxd4 exd4 25. f3 Ng3+ 26.
Kg1 Be3+ 27. Kh2 Qd6 28. Rf1 Nxf1+ 29. Kh1 Qh2# {White checkmated} 0-1

[Event "ICC tourney 1924 (15 5)"]
[Site "Internet Chess Club"]
[Date "2020.07.17"]
[Round "5"]
[White "shripat2020"]
[Black "RoPac"]
[Result "1-0"]
[ICCResult "Black checkmated"]
[WhiteElo "1440"]
[BlackElo "1442"]
[Opening "Scotch gambit"]
[ECO "C44"]
[NIC "SO.06"]
[Time "16:13:37"]
[TimeControl "900+5"]

1. e4 e5 2. Nf3 Nc6 3. d4 exd4 4. Bc4 Bc5 5. O-O d6 6. Bf4 Nf6 7. Nbd2 O-O
8. Bb3 Be6 9. h3 Re8 10. Re1 Qd7 11. e5 dxe5 12. Nxe5 Nxe5 13. Rxe5 Bd6 14.
Re2 Bxf4 15. Nf3 Bxb3 16. Rxe8+ Rxe8 17. axb3 d3 18. Qxd3 Qxd3 19. cxd3 Rd8
20. Rxa7 Rxd3 21. Ra8+ Rd8 22. Rxd8+ Ne8 23. Rxe8# {Black checkmated} 1-0

[Event "ICC tourney 1924 (15 5)"]
[Site "Internet Chess Club"]
[Date "2020.07.17"]
[Round "5"]
[White "KingSpencer"]
[Black "rhadean"]
[Result "0-1"]
[ICCResult "White checkmated"]
[WhiteElo "1187"]
[BlackElo "1262"]
[Opening "Four knights: Ranken variation"]
[ECO "C48"]
[NIC "KP.03"]
[Time "16:14:25"]
[TimeControl "900+5"]

1. e4 e5 2. Nf3 Nc6 3. Nc3 Nf6 4. Bb5 a6 5. Bxc6 bxc6 6. Nxe5 Qe7 7. d4 d6
8. Nd3 Nxe4 9. Nxe4 Qxe4+ 10. Be3 d5 11. O-O Bg4 12. f3 Qxe3+ 13. Nf2 Bf5
14. Re1 Qxe1+ 15. Qxe1+ Be7 16. Ng4 Bxg4 17. fxg4 Kd7 18. Rd1 Rhe8 19. Qg3
Bd6 20. Qh3 h6 21. g5+ Ke7 22. gxh6 gxh6 23. Re1+ Kf6 24. Qxh6+ Kf5 25. Rf1+
Kg4 26. Qh3+ Kg5 27. Qf5+ Kh6 28. Rf3 Kg7 29. Rg3+ Kf8 30. Qf6 Bxg3 31. hxg3
Re1+ 32. Kh2 Re2 33. Qh8+ Ke7 34. Qxa8 Rxc2 35. Qxc6 Rxc6 36. Kh3 Rc2 37. g4
Rxb2 38. Kh4 Rxa2 39. g3 Kf6 40. g5+ Kg6 41. g4 f6 42. gxf6 Kxf6 43. Kh5 Rg2
44. Kh4 Kg6 45. Kh3 Rg1 46. Kh4 Rd1 47. g5 Rxd4+ 48. Kg3 Kxg5 49. Kf3 a5 50.
Ke3 Rg4 51. Kd3 a4 52. Kc3 Rg3+ 53. Kb4 a3 54. Ka4 a2 55. Kb5 a1=Q 56. Kc5
Qc1+ 57. Kxd5 Rd3+ 58. Ke5 Qe1# {White checkmated} 0-1

[Event "ICC tourney 1924 (15 5)"]
[Site "Internet Chess Club"]
[Date "2020.07.17"]
[Round "5"]
[White "vihar"]
[Black "nithin0628"]
[Result "0-1"]
[ICCResult "White checkmated"]
[WhiteElo "1506"]
[BlackElo "1301"]
[Opening "French: Two knights variation"]
[ECO "C00"]
[NIC "FR.01"]
[Time "16:13:33"]
[TimeControl "900+5"]

1. e4 e6 2. Nf3 d5 3. Nc3 a5 4. d4 dxe4 5. Nxe4 c6 6. Bf4 f5 7. Nc3 h6 8.
Be5 Nf6 9. Qd2 Bd6 10. Bxf6 Qxf6 11. O-O-O g5 12. Ne5 Nd7 13. Nxd7 Bxd7 14.
Bc4 Bf4 15. Qxf4 gxf4 16. Rhe1 b5 17. Bd3 b4 18. Ne2 a4 19. Nxf4 a3 20. bxa3
Rxa3 21. Nh5 Qg5+ 22. Nf4 Qxf4+ 23. Re3 Qxf2 24. Re2 Qf4+ 25. Rdd2 Rxa2 26.
Bc4 Qf1+ 27. Rd1 Ra1+ 28. Kd2 Qxd1+ 29. Ke3 f4+ 30. Kxf4 Rf8+ 31. Ke5 Ra5+
32. Kd6 Rf6 33. Re5 Rxe5 34. Kxe5 Rf5+ 35. Kd6 Qxd4+ 36. Kc7 Qxc4 37. g4 Rb5
38. Kd6 Qd5+ 39. Kc7 Qe5# {White checkmated} 0-1

[Event "ICC tourney 1924 (15 5)"]
[Site "Internet Chess Club"]
[Date "2020.07.17"]
[Round "5"]
[White "amqueen"]
[Black "MatthewBuniskis"]
[Result "0-1"]
[ICCResult "White checkmated"]
[WhiteElo "1244"]
[BlackElo "1383"]
[Opening "Queen's pawn game"]
[ECO "D00"]
[NIC "QP.08"]
[Time "16:13:33"]
[TimeControl "900+5"]

1. d4 d5 2. e3 Bf5 3. Nd2 Nc6 4. c3 Nf6 5. f4 Be4 6. Nxe4 Nxe4 7. Bd3 f5 8.
Nf3 h6 9. O-O a6 10. Ne5 Nxe5 11. fxe5 Qd7 12. Qh5+ Kd8 13. Rxf5 Qc6 14. Qf7
Qe8 15. e6 Nd6 16. Qxe8+ Kxe8 17. Rxd5 c6 18. Rh5 g6 19. Bxg6+ Kd8 20. Bd2
Rg8 21. Bd3 Kc7 22. c4 b5 23. c5 Nc4 24. Bxc4 bxc4 25. Ba5+ Kb7 26. Rc1 Rg5
27. Rxg5 hxg5 28. Rxc4 Bh6 29. e4 Rf8 30. Rb4+ Kc8 31. Rb6 g4 32. Rxc6+ Kb7
33. Rb6+ Ka7 34. b4 Be3+ 35. Kh1 Rf1# {White checkmated} 0-1

[Event "ICC tourney 1924 (15 5)"]
[Site "Internet Chess Club"]
[Date "2020.07.17"]
[Round "5"]
[White "Siritnt"]
[Black "trdnjava7"]
[Result "0-1"]
[ICCResult "White checkmated"]
[WhiteElo "1372"]
[BlackElo "1428"]
[Opening "Ruy Lopez: Berlin defense, Beverwijk variation"]
[ECO "C65"]
[NIC "RL.07"]
[Time "16:13:30"]
[TimeControl "900+5"]

1. e4 e5 2. Nf3 Nc6 3. Bb5 Nf6 4. O-O Bc5 5. Re1 Ng4 6. Qe2 Bxf2+ 7. Kf1
Bxe1 8. Qxe1 O-O 9. Bxc6 dxc6 10. h3 Nf6 11. Nxe5 Re8 12. Nf3 Rxe4 13. Qf2
Re8 14. Nc3 Be6 15. d3 b5 16. Bg5 h6 17. Bxf6 Qxf6 18. Ne4 Qxb2 19. Qe1 Qxc2
20. Qd2 Qxd2 21. Nexd2 Bd5 22. Nd4 Red8 23. Nf5 Be4 24. dxe4 Rxd2 25. Ne7+
Kf8 26. Nxc6 Re8 27. Nxa7 Rxe4 28. Nxb5 c6 29. Nc3 Rc4 30. Ne2 Rcc2 31. Nf4
Rxa2 32. Rb1 g5 33. Nh5 Rxg2 34. Rb8+ Ke7 35. Rb7+ Ke6 36. Ng7+ Ke5 37. Rxf7
Rgc2 38. Rf5+ Ke4 39. Rf6 Ra1# {White checkmated} 0-1

[Event "ICC tourney 1924 (15 5)"]
[Site "Internet Chess Club"]
[Date "2020.07.17"]
[Round "5"]
[White "ehkuo"]
[Black "Sophych"]
[Result "1-0"]
[ICCResult "Black resigns"]
[WhiteElo "845"]
[BlackElo "1123"]
[Opening "Sicilian"]
[ECO "B50"]
[NIC "SI.01"]
[Time "16:20:36"]
[TimeControl "900+5"]

1. e4 c5 2. Nf3 d6 3. Nc3 e6 4. Bb5+ Nc6 5. d3 Nf6 6. Bg5 Be7 7. Bxc6+ bxc6
8. O-O O-O 9. e5 dxe5 10. Nxe5 Bd6 11. Nxc6 Qd7 12. Bxf6 Qxc6 13. Bg5 Bb7
14. f3 c4 15. dxc4 Qxc4 16. Qxd6 Rab8 17. b3 Qe2 18. Nxe2 {Black resigns}
1-0

[Event "ICC tourney 1924 (15 5)"]
[Site "Internet Chess Club"]
[Date "2020.07.17"]
[Round "5"]
[White "Egkninja"]
[Black "NMHartman"]
[Result "1-0"]
[ICCResult "Black checkmated"]
[WhiteElo "1586"]
[BlackElo "1535"]
[Opening "King's pawn game"]
[ECO "C50"]
[NIC "IG.03"]
[Time "16:13:30"]
[TimeControl "900+5"]

1. e4 e5 2. Nf3 Nc6 3. Bc4 d6 4. Nc3 Be6 5. Bb5 a6 6. Bxc6+ bxc6 7. d3 Be7
8. Be3 Nf6 9. Qd2 O-O 10. O-O Ng4 11. h3 Nxe3 12. fxe3 Bh4 13. Nxh4 Qxh4 14.
Qf2 Qxf2+ 15. Rxf2 f5 16. exf5 Rxf5 17. Rxf5 Bxf5 18. Rf1 Rf8 19. g4 Be6 20.
Rxf8+ Kxf8 21. Kf2 Kf7 22. Kg3 Kg6 23. b3 d5 24. Na4 h5 25. Nc5 Bc8 26. e4
dxe4 27. Nxe4 hxg4 28. hxg4 Kh6 29. c3 g5 30. d4 exd4 31. cxd4 Kg6 32. Nc3
Be6 33. Ne4 Bd5 34. Nc5 a5 35. Na6 a4 36. bxa4 Bxa2 37. Nxc7 Bb3 38. a5 Kf7
39. a6 Ke7 40. a7 Kd7 41. a8=Q Kxc7 42. Qa7+ Kd6 43. Qa3+ Kd5 44. Qxb3+ Kxd4
45. Qg8 c5 46. Qxg5 c4 47. Qd2+ Kc5 48. g5 Kb5 49. g6 Ka4 50. g7 Kb3 51.
Qd1+ Kb2 52. Qd4+ c3 53. Qxc3+ Kxc3 54. g8=Q Kd4 55. Qb3 Kc5 56. Kf3 Kd4 57.
Qc2 Kd5 58. Qc3 Ke6 59. Qd4 Kf5 60. Qe3 Kf6 61. Qe4 Kg5 62. Kg2 Kf6 63. Kh1
Kg5 64. Qf3 Kh4 65. Qg2 Kh5 66. Qg3 Kh6 67. Qg4 Kh7 68. Qg5 Kh8 69. Kg2 Kh7
70. Kf3 Kh8 71. Kg4 Kh7 72. Kf5 Kh8 73. Kf6 Kh7 74. Qg7# {Black checkmated}
1-0

[Event "ICC tourney 1924 (15 5)"]
[Site "Internet Chess Club"]
[Date "2020.07.17"]
[Round "5"]
[White "nihas204"]
[Black "knightseu"]
[Result "1/2-1/2"]
[ICCResult "Game drawn by mutual agreement"]
[WhiteElo "1261"]
[BlackElo "1222"]
[Opening "Giuoco Pianissimo"]
[ECO "C50"]
[NIC "IG.02"]
[Time "16:13:45"]
[TimeControl "900+5"]

1. e4 e5 2. Nf3 Nc6 3. Bc4 Bc5 4. d3 Nf6 5. Bg5 h6 6. Bh4 d6 7. h3 Bd7 8.
Nc3 Qe7 9. Nd5 Qd8 10. O-O g5 11. Bg3 Nh5 12. d4 Nxg3 13. fxg3 Nxd4 14. Nxd4
Bxd4+ 15. Kh2 c6 16. c3 cxd5 17. cxd4 dxc4 18. dxe5 dxe5 19. Qd5 Be6 20.
Qxb7 g4 21. Qc6+ Kf8 22. Qc5+ Kg7 23. h4 Rc8 24. Qxe5+ f6 25. Qxe6 Re8 26.
Qxg4+ Kf7 27. e5 Rxe5 28. Rae1 h5 29. Qf3 Rcc5 30. Rd1 Qe7 31. b4 cxb3 32.
axb3 Re3 33. Qf2 {Game drawn by mutual agreement} 1/2-1/2

[Event "ICC tourney 1924 (15 5)"]
[Site "Internet Chess Club"]
[Date "2020.07.17"]
[Round "5"]
[White "BellaBu"]
[Black "JaithD"]
[Result "0-1"]
[ICCResult "White checkmated"]
[WhiteElo "1382"]
[BlackElo "1455"]
[Opening "King's pawn game"]
[ECO "C21"]
[NIC "KP.10"]
[Time "16:13:38"]
[TimeControl "900+5"]

1. e4 e5 2. d4 d6 3. dxe5 dxe5 4. Qxd8+ Kxd8 5. Nf3 Nc6 6. Nc3 Nf6 7. Bg5
Be7 8. O-O-O+ Bd7 9. Bxf6 Bxf6 10. Bb5 Kc8 11. Nd5 Rd8 12. Nxf6 gxf6 13.
Bxc6 bxc6 14. Nd2 a5 15. Nc4 a4 16. g3 Be6 17. Rxd8+ Kxd8 18. f4 Bxc4 19.
Kb1 Rb8 20. fxe5 fxe5 21. Rd1+ Kc8 22. a3 Be2 23. Rd2 Bf3 24. Rd3 Bxe4 25.
Re3 Bg6 26. Rxe5 Kd7 27. h4 Rd8 28. h5 Kd6 29. Ra5 Be4 30. Rxa4 Ke5 31. Kc1
Bf3 32. Rh4 Rd1# {White checkmated} 0-1